[Event "Tata Steel India Women Rapid 2024"]
[Site "Kolkata"]
[Date "2024.11.14"]
[Round "5.2"]
[White "Koneru, Humpy"]
[Black "Kosteniuk, Alexandra"]
[Result "1/2-1/2"]
[ECO "D24"]
[WhiteElo "2530"]
[BlackElo "2487"]
[Annotator "TA"]
[PlyCount "155"]
[EventDate "2024.11.06"]
[EventType "tourn"]
[EventCountry "IND"]
[SourceTitle "playchess.com"]
[Source "ChessBase"]
[SourceQuality "1"]
[TimeControl "1500+10"]

1. Nf3 d5 2. d4 Nf6 3. c4 e6 4. Nc3 dxc4 5. e4 b5 6. e5 {[%emt 0:00:13] D24: Queen's Gambit Accepted: 3 Nf3 Nf6 4 Nc3.} Nd5 7. Nxb5 Nb6 8. Be2 Be7 9. Be3 (9. O-O O-O 10. Be3 Nc6 11. Rc1 Ba6 12. Nc3 Nb4 13. b3 N4d5 14. Bd2 Ba3 15. Rb1 Nxc3 16. Bxc3 Be7 17. Nd2 Qd5 18. Bf3 Qd7 19. Bxa8 cxb3 20. Bf3 Bxf1 21. Qxf1 bxa2 22. Ra1 Na4 23. Qc4 Rb8 24. Rxa2 Nxc3 25. Qxc3 Bb4 26. Qc1 a5 27. h3 h6 28. Qc4 c5 29. Nb3 cxd4 30. Nxd4 Rc8 31. Nc6 g6 32. Qe4 Kg7 33. Nxb4 Rc1+ 34. Kh2 axb4 35. Qxb4 Qc7 36. Qf4 Rc4 37. Qe3 Rc5 38. Re2 Rc3 {1-0 Koneru,H (2553)-Kosteniuk,A (2546) Hengshui IMSA blitz (Women) 2019 (6)}) 9... Nc6 10. a3 Na5 11. Qc2 Bb7 12. Rd1 Qd7 13. Nc3 O-O-O 14. O-O f5 15. exf6 gxf6 16. Nd2 Rdg8 17. Bf3 Bxf3 18. Nxf3 Nb3 19. g3 c6 20. Ne4 Qd5 21. Nfd2 Nxd2 22. Nxd2 h5 23. Rc1 h4 24. Nxc4 hxg3 25. Nxb6+ axb6 26. Qxc6+ Qxc6 27. Rxc6+ Kd7 28. Rxb6 gxh2+ 29. Kh1 Bd6 30. a4 Rb8 31. Rxb8 Rxb8 32. Rb1 Kc6 33. b3 f5 34. f4 Kd5 35. Kxh2 Ke4 36. Bd2 Kd3 37. Rb2 Ba3 38. Ra2 Rxb3 39. a5 Bb2 40. a6 Bxd4 41. Be1 Ba7 42. Kg2 Rb8 43. Bf2 Bxf2 44. Kxf2 Ke4 45. a7 Ra8 46. Ra4+ Kd5 47. Ke3 Kc5 48. Ra1 Kd5 49. Kd3 Kc5 50. Ra2 Rd8+ 51. Ke3 Ra8 52. Ra3 Kd5 53. Ra5+ Kc4 54. Ra6 $1 Kd5 55. Kd3 Kc5 56. Kc3 Kd5 ({But not} 56... Kb5 $2 57. Rxe6 Rxa7 58. Kd4 $18) 57. Ra4 (57. Kb4 $5 Ke4 $8 58. Rxe6+ Kxf4 59. Ra6 $11) 57... Kc5 58. Kd3 Rd8+ ({Don't go for} 58... Kb6 $2 59. Kd4 $18) 59. Ke3 Ra8 60. Ra1 Kd5 ({Wrong is} 60... Kb6 $2 61. Kd4 $18) 61. Kf3 Kc5 62. Ra6 Kb5 63. Rxe6 Rxa7 64. Re5+ Kc6 65. Rxf5 Kd6 66. Re5 Re7 67. Rxe7 Kxe7 68. Kg4 Kf6 69. f5 Kf7 70. Kg5 $1 Kg7 71. Kg4 Kf6 72. Kf4 Kf7 73. Ke5 Ke7 74. f6+ Kf7 75. Kf5 Kf8 76. Ke6 (76. Kg6 $5 Kg8 $8 77. Kg5 $11) 76... Ke8 77. f7+ Kf8 78. Kf6 $146 ({Predecessor:} 78. Ke5 Kxf7 {½-½ Deac,B (2691)-Tabatabaei,M (2702) ESP-chT CECLUB Honor 2024 (2.7)}) 1/2-1/2

[Event "Tata Steel India Women Rapid 2024"]
[Site "Kolkata"]
[Date "2024.11.14"]
[Round "5.3"]
[White "Lagno, Kateryna"]
[Black "Dzagnidze, Nana"]
[Result "1/2-1/2"]
[ECO "C01"]
[WhiteElo "2527"]
[BlackElo "2518"]
[Annotator "TA"]
[PlyCount "56"]
[EventDate "2024.11.06"]
[EventType "tourn"]
[EventCountry "IND"]
[SourceTitle "playchess.com"]
[Source "ChessBase"]
[SourceQuality "1"]
[TimeControl "1500+10"]

1. e4 e6 2. d4 d5 3. exd5 exd5 4. Bd3 Nf6 5. Nf3 Bd6 6. O-O O-O 7. h3 h6 8. Nc3 a6 9. Ne2 Nc6 10. c3 Re8 11. Qc2 Bd7 12. Ng3 Qe7 13. Nh4 Bxg3 {[%emt 0:06:50] The position is equal.} 14. fxg3 Ne4 15. Bxe4 Qxe4 16. Qf2 f6 17. g4 Qd3 18. Nf5 Re2 19. Nxh6+ gxh6 20. Qxf6 Qc2 21. Qf7+ (21. Qxh6 $2 Rxg2+ 22. Kh1 Rh2+ 23. Kg1 Qg2#) 21... Kh8 22. Qf6+ (22. Qxd7 $2 Rxg2+ 23. Kh1 Rh2+ 24. Kg1 Qg2#) 22... Kg8 23. Qf7+ (23. Qxh6 $2 Rxg2+ 24. Kh1 Rh2+ 25. Kg1 Qg2#) 23... Kh8 24. Qxd5 (24. Qxd7 $2 Rxg2+ 25. Kh1 Rh2+ 26. Kg1 Qg2#) 24... Ne7 (24... Ne5 $5 25. Bf4 $8 (25. dxe5 Bc6) 25... Ng6 26. Qxb7 (26. Qxd7 {leads to mate.} Rxg2+ 27. Kh1 Nxf4) 26... Rae8 27. Bxc7 Nh4 (27... Qxb2 28. Qxb2 Rxb2 29. Rab1 $11) 28. Be5+ Kg8 $11 (28... R8xe5 29. dxe5 Rxg2+ 30. Kh1 $19)) 25. Qf3 (25. Qxd7 $2 {gets mated.} Rxg2+ 26. Kh1 Rh2+ 27. Kg1 Qg2#) 25... Bc6 26. Qf6+ Kg8 27. Qf7+ Kh8 28. Qf6+ Kg8 {[%emt 0:00:03] An uneventful encounter.   Weighted Error Value: White=0.03 (flawless) /Black=0.04 (flawless) .  Inaccurate:     	White=1     	Black=1      OK:         	White=10    	Black=8      Best:        	White=2     	Black=1} 1/2-1/2

[Event "Tata Steel India Women Rapid 2024"]
[Site "Kolkata"]
[Date "2024.11.14"]
[Round "5.4"]
[White "Divya Deshmukh"]
[Black "Gunina, Valentina"]
[Result "0-1"]
[ECO "B30"]
[WhiteElo "2493"]
[BlackElo "2425"]
[Annotator "RC"]
[PlyCount "104"]
[EventDate "2024.11.06"]
[EventType "tourn"]
[EventCountry "IND"]
[SourceTitle "playchess.com"]
[Source "ChessBase"]
[SourceQuality "1"]
[TimeControl "1500+10"]

1. e4 c5 2. Nf3 Nc6 3. Bb5 e6 4. O-O Nge7 5. d4 cxd4 6. Nxd4 Qb6 7. Nxc6 bxc6 8. Be2 Ng6 9. c4 Be7 10. Nc3 O-O 11. Na4 Qc7 12. c5 d5 13. cxd6 Bxd6 14. g3 e5 15. Qd3 Bh3 16. Rd1 Rad8 17. Be3 Bc5 18. Qc3 Bxe3 19. Qxe3 Qa5 20. b3 Qb4 21. Bc4 Qe7 22. Bf1 Bxf1 23. Kxf1 Qe6 24. Qxa7 Qh3+ 25. Ke2 Qh5+ 26. f3 Rd4 27. Rxd4 Qxh2+ 28. Kd3 exd4 29. Qxd4 Qxg3 30. Rf1 Nf4+ 31. Kc2 Ne6 32. Qf2 Qe5 33. Kb1 h5 34. Rc1 Qf4 35. Nc5 Nxc5 36. Qxc5 Qxf3 37. Qxc6 Rd8 38. Qc4 h4 39. Kb2 h3 40. Rf1 Qg2+ 41. Ka1 Rf8 42. Qc1 Qxe4 43. Rh1 Qg2 44. Rg1 Qd5 45. Qc3 g6 46. Qb2 Re8 47. a4 h2 48. Qxh2 Qxb3 49. Qa2 Qc3+ 50. Qb2 Qc4 51. Qb5 Qd4+ 52. Kb1 Qxg1+ 0-1

[Event "Tata Steel India Women Rapid 2024"]
[Site "Kolkata"]
[Date "2024.11.14"]
[Round "5.5"]
[White "Vantika Agrawal"]
[Black "Dronavalli, Harika"]
[Result "1/2-1/2"]
[ECO "D94"]
[WhiteElo "2392"]
[BlackElo "2493"]
[Annotator "RC"]
[PlyCount "165"]
[EventDate "2024.11.06"]
[EventType "tourn"]
[EventCountry "IND"]
[SourceTitle "playchess.com"]
[Source "ChessBase"]
[SourceQuality "1"]
[TimeControl "1500+10"]

1. d4 d5 2. c4 c6 3. Nf3 Nf6 4. e3 g6 5. Nc3 Bg7 6. Be2 O-O 7. O-O Bg4 8. cxd5 cxd5 9. Qb3 b6 10. h3 Bc8 11. Bd2 Nc6 12. Rfc1 Na5 13. Qd1 Bb7 14. b4 Nc6 15. b5 Nb8 16. Ne5 Nfd7 17. Nd3 e5 18. Nb4 exd4 19. exd4 Nf6 20. Bf4 a5 21. Nd3 Ne4 22. Ne5 Qf6 23. Be3 Qe6 24. Nxe4 dxe4 25. Rc7 Bd5 26. Qd2 f6 27. Nc4 Rf7 28. Rxf7 Kxf7 29. Rc1 Nd7 30. Bf4 Bf8 31. Ne3 Kg7 32. Nxd5 Qxd5 33. Rc7 Rd8 34. Bc4 Qh5 35. g4 Qxh3 36. Be6 Kh8 37. Rxd7 Re8 38. d5 Bc5 39. Qb2 Rxe6 40. dxe6 Qxg4+ 41. Kf1 Qh3+ 42. Ke1 Bb4+ 43. Kd1 Qf3+ 44. Qe2 Qh1+ 45. Kc2 Qa1 46. Bc1 Qxa2+ 47. Bb2 Ba3 48. Rd8+ Kg7 49. Rd7+ Kg8 50. Kc3 Bb4+ 51. Kd4 Bc5+ 52. Kc3 Bb4+ 53. Kc2 Ba3 54. Rd8+ Kg7 55. Kc3 Bb4+ 56. Kd4 Ba3 57. Rd7+ Kg8 58. Qc4 Bxb2+ 59. Kd5 Qxc4+ 60. Kxc4 Kf8 61. Kd5 Ba3 62. Rxh7 Ke8 63. Kxe4 Bc5 64. f3 a4 65. Ra7 a3 66. Kd5 Kf8 67. f4 Bb4 68. Ra6 Bc5 69. Ra8+ Ke7 70. Ra7+ Kf8 71. Kc4 Ke8 72. Kb3 Bd6 73. Rb7 Bc5 74. Rg7 f5 75. Rxg6 Ke7 76. Ka2 Bd6 77. Kb3 Bc5 78. Rh6 Bd6 79. Rg6 Bc5 80. Rh6 Bd6 81. Rg6 Bc5 82. Rh6 Bd6 83. Rg6 1/2-1/2

[Event "Tata Steel India Women Rapid 2024"]
[Site "Kolkata"]
[Date "2024.11.14"]
[Round "6.1"]
[White "Dzagnidze, Nana"]
[Black "Koneru, Humpy"]
[Result "1-0"]
[ECO "E00"]
[WhiteElo "2518"]
[BlackElo "2530"]
[Annotator "TA"]
[PlyCount "101"]
[EventDate "2024.11.06"]
[EventType "tourn"]
[EventCountry "IND"]
[SourceTitle "playchess.com"]
[Source "ChessBase"]
[SourceQuality "1"]
[TimeControl "1500+10"]

1. d4 Nf6 2. c4 e6 3. Bg5 c5 4. d5 exd5 5. cxd5 d6 6. e4 Be7 7. Bd2 O-O 8. Nc3 {[%emt 0:00:06] The position is equal.} Re8 9. Bd3 Na6 10. Nge2 Nc7 11. O-O a6 12. Ng3 Nd7 13. f4 Bf6 {[%emt 0:00:36] Black is weak on the light squares} (13... b5 $11 {keeps the balance.}) 14. e5 dxe5 15. Nge4 exf4 16. Bxf4 Bd4+ 17. Kh1 Ne5 {[%emt 0:00:16] Dodges Qf3} 18. Ng5 f5 (18... Nxd5 $2 19. Bxh7+ Kf8 (19... Kh8 $2 20. Nxd5 Bg4 21. Qe1 $18) 20. Nxd5 Qxd5 21. Be4 $18 (21. Bxe5 Rxe5 22. Rxf7+ Qxf7 $18)) 19. Bxe5 (19. d6 $5 Qxd6 $8 20. Bc4+ Be6 21. Bxe5 Bxe5 (21... Qxe5 $2 22. Qh5 $18) 22. Qxd6 Bxd6 23. Nxe6 Nxe6 24. Rae1 $18 (24. Rxf5 Kh8 $15)) 19... Rxe5 (19... Bxe5 $2 20. Qh5 h6 21. Rxf5 $18 (21. Nf7 Qe7 $16)) 20. Qh5 h6 (20... Nxd5 $2 21. Qxh7+ (21. Nxh7 $2 f4 $19) 21... Kf8 22. Qh8+ (22. Bxf5 Qxg5 23. Bxc8+ Nf6 $18) 22... Ke7 23. Qxg7+ Kd6 24. Nf7+ Kc7 25. Nxd8+ $18) 21. Nf3 (21. Qf7+ $1 $11 {might be stronger.} Kh8 22. d6 Qxg5 (22... Qxd6 23. Nce4 $16) 23. Qf8+ Kh7 24. dxc7) 21... Re3 $15 22. Rad1 Qf6 (22... Nxd5 $2 23. Bc4 Be6 24. Nxd4 cxd4 25. Rxd4 $18) ({Black should try} 22... Bxc3 $15 23. bxc3 Nb5 (23... Qxd5 $2 24. Bc4 $18)) 23. Nxd4 $11 cxd4 24. Bxf5 Qe5 (24... Bxf5 $17 25. Rxf5 Qe7) 25. d6 $1 $15 Bxf5 (25... Qxd6 $2 26. Bc2 (26. Ne4 Qe7 $18) 26... Re7 27. Ne2 $18) 26. dxc7 g6 (26... Re8 $1 $15 {stays ahead.}) 27. Qxh6 {[%emt 0:00:07][%cal Oc3d5] Hoping for Nd5!} Rc8 {[%emt 0:00:07][%cal Of5c2] [#]} 28. Nd5 $1 {[%emt 0:00:07][%mdl 512] Chess con chili.} Re4 (28... Qxd5 $2 29. Qxe3 dxe3 30. Rxd5 $18) 29. Nf4 {[%emt 0:00:14] aiming for g4. White is much more active.} Qg7 (29... Rxc7 $142 30. Nxg6 Qg7 31. Qxg7+ Kxg7 32. Rxf5 Kxg6) 30. Qxg7+ ({White should play} 30. Qg5 $16 Qe7 (30... Rxc7 $2 {loses.} 31. g4 $18) 31. Qxe7 (31. Qh6 Qh7 $18) 31... Rxe7 32. Nd5 (32. Rxd4 Rexc7 33. h4 Kg7 $16)) 30... Kxg7 $14 31. Rc1 (31. Nd5 $5) 31... Re7 32. Nd5 $36 {[%emt 0:00:08][%mdl 2048] White has some pressure.} Re6 33. Kg1 Be4 34. Nf4 Rf6 (34... Rd6 $14) 35. g3 ({Better is} 35. Rce1 $16 Bf5 36. h3) 35... Bc6 (35... Rd6 $14) 36. Rfd1 $16 Rd6 {[%emt 0:00:16] [#] This move loses the game for Black.} (36... Kf7 $16 {was necessary.}) 37. Rxd4 $3 $18 Rxd4 38. Ne6+ Kf6 39. Nxd4 {[%emt 0:00:01][%mdl 4096] Endgame. KRB-KRN} Bd5 40. Kf2 Ke5 41. Ke3 g5 (41... Bxa2 {was worth a try.} 42. b3 Kf6) 42. h4 gxh4 43. gxh4 {[%emt 0:00:01][%cal Bg3h4,Bh4h5,Bh5h6][%mdl 32] Threatens to win with h5.} Kd6 $2 (43... Bf7 44. h5 Bxh5 45. Rc5+ Kd6 46. Rxh5 Re8+ 47. Kd3 Kxc7) 44. b3 {[%emt 0:00:23] White is clearly winning.} Bc6 45. Nxc6 bxc6 {[%emt 0:00:05] KR-KR} 46. h5 Rxc7 47. h6 Ke5 48. Rh1 {[%emt 0:00:06] White threatens h7 and mate.} Rh7 49. Rh5+ Kf6 50. Kd4 Kg6 51. Rh2 {[%emt 0:00:02] Weighted Error Value: White=0.22 (precise) /Black=0.37.  Mistake:       	White=4     	Black=10     Inaccurate:     	White=2     	Black=3      OK:         	White=15    	Black=16     Best:        	White=4     	Black=1      Strong:       	White=1     	---        Brilliant:      	White=1     	---} 1-0

[Event "Tata Steel India Women Rapid 2024"]
[Site "Kolkata"]
[Date "2024.11.14"]
[Round "6.2"]
[White "Vantika Agrawal"]
[Black "Vaishali, Rameshbabu"]
[Result "1-0"]
[ECO "A40"]
[WhiteElo "2392"]
[BlackElo "2490"]
[Annotator "RC"]
[PlyCount "137"]
[EventDate "2024.11.06"]
[EventType "tourn"]
[EventCountry "IND"]
[SourceTitle "playchess.com"]
[Source "ChessBase"]
[SourceQuality "1"]
[TimeControl "1500+10"]

1. d4 e6 2. c4 b6 3. g3 Bb7 4. Nf3 Bb4+ 5. Bd2 Bxd2+ 6. Qxd2 Bxf3 7. exf3 d5 8. cxd5 exd5 9. Nc3 Ne7 10. Bb5+ c6 11. Bd3 O-O 12. O-O Nd7 13. Rfe1 Re8 14. f4 Nc8 15. Rxe8+ Qxe8 16. Re1 Qf8 17. Qc2 Nf6 18. Qa4 Qd6 19. Nb1 Ne7 20. Nd2 c5 21. b3 Nc6 22. Nf3 Nb4 23. Bb1 Nc6 24. Bd3 a6 25. Qa3 Nb4 26. Ne5 Rc8 27. Bf5 Rd8 28. Qb2 Ne4 29. dxc5 bxc5 30. a3 Nc6 31. Bxe4 dxe4 32. Nxc6 Qxc6 33. Qe5 Re8 34. Qc3 Qd5 35. Qc4 Qd2 36. Rxe4 Rd8 37. Kg2 Qd6 38. Re5 Rc8 39. h4 h6 40. Qe4 Qf6 41. a4 Rb8 42. Rxc5 g6 43. Rc6 Qb2 44. Qd5 Kg7 45. Rc7 Qf6 46. h5 gxh5 47. Rc6 Qe7 48. Rxa6 h4 49. Rc6 hxg3 50. Kxg3 Rd8 51. Qf3 Kh7 52. Qh5 Rg8+ 53. Kf3 Rg6 54. Rxg6 Qb7+ 55. Rc6 Qxc6+ 56. Kg3 Qe6 57. Qf3 f5 58. a5 Qg6+ 59. Kh2 Qd6 60. Qb7+ Kh8 61. Qc8+ Kg7 62. Qxf5 Qd2 63. Qe5+ Kh7 64. Kg2 Qd1 65. Qf5+ Kg7 66. Qe5+ Kh7 67. Qe7+ Kg6 68. Qe6+ Kg7 69. a6 1-0

[Event "Tata Steel India Women Rapid 2024"]
[Site "Kolkata"]
[Date "2024.11.14"]
[Round "6.3"]
[White "Goryachkina, Aleksandra"]
[Black "Lagno, Kateryna"]
[Result "1-0"]
[ECO "E06"]
[WhiteElo "2528"]
[BlackElo "2527"]
[Annotator "TA"]
[PlyCount "73"]
[EventDate "2024.11.06"]
[EventType "tourn"]
[EventCountry "IND"]
[SourceTitle "playchess.com"]
[Source "ChessBase"]
[SourceQuality "1"]
[TimeControl "1500+10"]

1. d4 d5 2. c4 e6 3. Nf3 Nf6 4. g3 Be7 5. Bg2 O-O 6. Nc3 Nbd7 7. b3 dxc4 8. bxc4 c5 9. e3 {[%emt 0:01:13] The position is equal.} cxd4 10. exd4 Nb6 11. Qb3 Qc7 12. Ne5 Nfd7 13. Nb5 Qd8 14. O-O {[%emt 0:00:26] White is much more active. The black rooks are passive.} a6 15. Nxd7 Bxd7 16. Nc3 Bf6 (16... e5 $16) 17. Be3 $18 (17. Bxb7 Rb8 18. Be4 Bxd4 $17) 17... Rb8 (17... Rc8 $142) 18. Rab1 Na8 19. Bf4 (19. Bxb7 Bc8 (19... Bc6 20. Bxc6 Rxb3 21. axb3 $11) 20. Bxa8 Rxb3 21. Rxb3 a5 $11 (21... Bxd4 22. Rd1 $15)) 19... Rc8 (19... Nc7 {might work better.} 20. Qb6 (20. Bxb7 $2 {perishes.} Bc8 $19) 20... Na8) 20. Rfd1 b5 21. c5 Bc6 22. d5 Bxc3 23. dxc6 Qf6 24. Rd7 $36 {[%emt 0:02:55][%mdl 2048] Bd6 would now be deadly. White has strong initiative.} b4 $2 {[%emt 0:00:12] Black is weak on the light squares} (24... Be5 25. Bxe5 Qxe5) 25. Bd6 Rfe8 26. Rd1 Qf5 27. Qa4 a5 28. c7 e5 29. Bd5 Kh8 30. Rxf7 Qh5 31. Rd7 {[%emt 0:00:25][%cal Od5f7] [#] Hoping for Bf7!} Bd4 32. Rf1 {[%emt 0:01:25][%cal Od5f7] Black must now prevent Bf7!} e4 33. Bf7 {[%emt 0:01:22][%cal Bd5f7,Bf7e8,Be8h5][%mdl 32] A strong pair of Bishops.} Qf3 34. Qc6 Qe2 35. Bxe8 {[%emt 0:00:15] Threatening mate with Rd8.} e3 {[%emt 0:00:04] [#]} 36. Bh5 $1 exf2+ (36... Qxf1+ 37. Kxf1) 37. Kg2 {[%emt 0:00:02] Black got outplayed after the opening.   Weighted Error Value: White=0.28 (precise) /Black=0.50.  Mistake:       	---       	Black=4      Inaccurate:     	White=1     	Black=4      OK:         	White=14    	Black=8      Best:        	White=2     	Black=2} 1-0

[Event "Tata Steel India Women Rapid 2024"]
[Site "Kolkata"]
[Date "2024.11.14"]
[Round "6.4"]
[White "Dronavalli, Harika"]
[Black "Gunina, Valentina"]
[Result "1/2-1/2"]
[ECO "D11"]
[WhiteElo "2493"]
[BlackElo "2425"]
[Annotator "TA"]
[PlyCount "128"]
[EventDate "2024.11.06"]
[EventType "tourn"]
[EventCountry "IND"]
[SourceTitle "playchess.com"]
[Source "ChessBase"]
[SourceQuality "1"]
[TimeControl "1500+10"]

1. c4 c6 2. Nf3 d5 3. e3 Bg4 4. h3 Bxf3 5. Qxf3 Nf6 6. Nc3 e6 7. d4 Nbd7 8. Qd1 Bd6 9. Be2 O-O 10. O-O Qe7 11. Bd2 dxc4 12. Bxc4 c5 13. dxc5 Bxc5 14. Qe2 Rfd8 15. Rfd1 Ne5 16. Be1 Nxc4 17. Qxc4 Rac8 18. Rxd8+ Rxd8 19. Rc1 Bb4 20. a3 Bxc3 21. Bxc3 Nd5 22. Be5 f6 23. Bd4 b6 24. e4 Nf4 25. Be3 Ng6 26. Qc2 Nf8 27. Qc7 Qxc7 28. Rxc7 $11 {[%emt 0:00:02][%mdl 4096] Endgame. KRB-KRN} Rd1+ 29. Kh2 {[%emt 0:00:01] White is more active.} Rd7 {[%emt 0:00:02] The position is equal.} 30. Rc8 Kf7 31. a4 e5 32. b4 Ne6 33. a5 Nd4 34. axb6 axb6 35. Rb8 Nc2 36. Bxb6 ({Much weaker is} 36. Rxb6 Nxe3 37. fxe3 Rd3 $15) 36... Nxb4 37. Be3 Nc2 38. Rb3 h5 39. Rc3 Nxe3 40. Rxe3 {[%emt 0:00:00] KR-KR} h4 41. g3 hxg3+ 42. Kxg3 Kg6 43. f4 Kh5 44. fxe5 fxe5 45. Rc3 Rd4 46. Kf3 $1 Kg5 47. Rc5 Rd3+ 48. Ke2 Rxh3 {[%emt 0:00:27] [#] Threatens to win with ...Kf4.} 49. Rxe5+ Kf4 50. Re7 g5 51. Rf7+ Kxe4 52. Kf2 Ra3 53. Kg2 Rd3 54. Rf8 Rd1 55. Rf7 Ke5 56. Rf8 $1 Ke6 57. Kh2 Ra1 58. Kg2 Ke5 59. Rf7 Ke4 60. Rf8 Ke3 61. Rf5 g4 62. Rf8 Ke4 63. Kg3 $1 Rg1+ 64. Kh2 Ra1 {[%emt 0:00:03] Weighted Error Value: White=0.04 (flawless) /Black=0.03 (flawless) .  Inaccurate:     	White=2     	Black=1      OK:         	White=25    	Black=14     Best:        	---       	Black=2      Strong:       	White=3     	---} 1/2-1/2

[Event "Tata Steel India Women Rapid 2024"]
[Site "Kolkata"]
[Date "2024.11.14"]
[Round "6.5"]
[White "Kosteniuk, Alexandra"]
[Black "Divya Deshmukh"]
[Result "0-1"]
[ECO "A07"]
[WhiteElo "2487"]
[BlackElo "2493"]
[Annotator "RC"]
[PlyCount "70"]
[EventDate "2024.11.06"]
[EventType "tourn"]
[EventCountry "IND"]
[SourceTitle "playchess.com"]
[Source "ChessBase"]
[SourceQuality "1"]
[TimeControl "1500+10"]

1. Nf3 Nf6 2. g3 d5 3. Bg2 e6 4. O-O Be7 5. d3 O-O 6. Bf4 h6 7. c4 Nc6 8. Nc3 Nh5 9. cxd5 exd5 10. d4 Be6 11. Be3 f5 12. a3 Bd6 13. Nb5 f4 14. Nxd6 Qxd6 15. Bd2 Rae8 16. Bc3 Nf6 17. Ne5 Ng4 18. Nxc6 Qxc6 19. Bb4 fxg3 20. hxg3 Rf7 21. Qd3 Bf5 22. Qb3 Nf6 23. Rac1 Qd7 24. Bd2 c6 25. Rfe1 Ne4 26. Bf4 g5 27. Be3 Rfe7 28. Kh2 Qd6 29. Bxe4 Bxe4 30. Bd2 Qg6 31. Kg1 g4 32. Bf4 Qh5 33. f3 gxf3 34. exf3 Bxf3 35. Be5 Rf7 0-1

[Event "Tata Steel India Women Rapid 2024"]
[Site "Kolkata"]
[Date "2024.11.15"]
[Round "7.1"]
[White "Koneru, Humpy"]
[Black "Goryachkina, Aleksandra"]
[Result "1/2-1/2"]
[ECO "A32"]
[WhiteElo "2530"]
[BlackElo "2528"]
[Annotator "TA"]
[PlyCount "23"]
[EventDate "2024.11.06"]
[EventType "tourn"]
[EventCountry "IND"]
[SourceTitle "playchess.com"]
[Source "ChessBase"]
[SourceQuality "1"]
[TimeControl "1500+10"]

1. d4 d5 2. c4 e6 3. Nf3 Nf6 4. Nc3 c5 5. cxd5 cxd4 6. Nxd4 Nxd5 7. Bd2 Nf6 8. Bf4 Nd5 9. Bd2 Nf6 10. Bf4 {[%emt 0:00:04] The position is equal.} Nd5 11. Bd2 Nf6 12. Bf4 {[%emt 0:00:02] A rather calm draw.   Weighted Error Value: White=0.07 (flawless) /Black=0.00 (flawless) .  OK:         	---       	Black=1} 1/2-1/2

[Event "Tata Steel India Women Rapid 2024"]
[Site "Kolkata"]
[Date "2024.11.15"]
[Round "7.2"]
[White "Divya Deshmukh"]
[Black "Dzagnidze, Nana"]
[Result "0-1"]
[ECO "B51"]
[WhiteElo "2493"]
[BlackElo "2518"]
[Annotator "RC"]
[PlyCount "140"]
[EventDate "2024.11.06"]
[EventType "tourn"]
[EventCountry "IND"]
[SourceTitle "playchess.com"]
[Source "ChessBase"]
[SourceQuality "1"]
[TimeControl "1500+10"]

1. e4 c5 2. Nf3 d6 3. Bb5+ Nd7 4. O-O a6 5. Be2 Ngf6 6. d3 g6 7. Nfd2 Bg7 8. f4 O-O 9. a4 b6 10. Nc3 Bb7 11. Qe1 Ne8 12. Nc4 Nc7 13. f5 gxf5 14. Rxf5 Ne6 15. Rh5 Kh8 16. Rh3 Bd4+ 17. Kh1 Nf6 18. Qh4 b5 19. Ne3 Rg8 20. Ned5 Nf8 21. Bg5 b4 22. Rf1 bxc3 23. bxc3 Be5 24. Rxf6 Rxg5 25. Rxf7 Rg7 26. Rxg7 Bxg7 27. Nxe7 Qe8 28. Nf5 Qxa4 29. Bf1 Bc8 30. Nxg7 Bxh3 31. Nh5 Qd7 32. Qf6+ Kg8 33. gxh3 Qf7 34. Qg5+ Kh8 35. Be2 Rb8 36. Ng3 Qf2 37. Qc1 Ng6 38. Qa1 Nh4 39. c4+ Kg8 40. Bf1 Nf3 41. Bg2 Qe1+ 42. Qxe1 Nxe1 43. e5 Nxg2 44. Kxg2 dxe5 45. Ne4 a5 46. Nxc5 Rb2 47. Kf3 Rxc2 48. Ke4 Ra2 49. Na6 a4 50. c5 Rc2 51. Kd5 Kf7 52. Kd6 Rc3 53. Nb4 a3 54. c6 a2 55. Nxa2 Rxd3+ 56. Kxe5 Ke7 57. Nb4 Rxh3 58. Nd5+ Kd8 59. Kd6 Rh6+ 60. Kc5 Rxh2 61. Kb6 Rb2+ 62. Kc5 h5 63. Kd6 Rd2 64. c7+ Kc8 65. Kc6 Rc2+ 66. Kd6 h4 67. Nf4 Rc3 68. Nd5 Rd3 69. Kc6 Rxd5 70. Kxd5 h3 0-1

[Event "Tata Steel India Women Rapid 2024"]
[Site "Kolkata"]
[Date "2024.11.15"]
[Round "7.3"]
[White "Vaishali, Rameshbabu"]
[Black "Dronavalli, Harika"]
[Result "1-0"]
[ECO "D00"]
[WhiteElo "2490"]
[BlackElo "2493"]
[Annotator "TA"]
[PlyCount "123"]
[EventDate "2024.11.06"]
[EventType "tourn"]
[EventCountry "IND"]
[SourceTitle "playchess.com"]
[Source "ChessBase"]
[SourceQuality "1"]
[TimeControl "1500+10"]

1. Nc3 d5 2. d4 Nf6 3. Bf4 e6 4. Nb5 Na6 5. e3 Be7 6. h4 O-O 7. h5 c6 8. Nc3 c5 9. h6 g6 10. Bxa6 bxa6 11. Nf3 a5 12. O-O Ba6 13. Re1 Rc8 14. dxc5 Bxc5 15. Bg5 Be7 16. Qd4 Ne8 17. Bxe7 Qxe7 18. e4 Rc4 19. Qd2 dxe4 20. Ne5 Rc7 21. Nxe4 Bb7 22. Ng3 Nf6 23. Rad1 Bd5 24. Qg5 Re8 25. c4 Bb7 26. Rd4 Nd7 27. Qd2 Nxe5 28. Rxe5 f6 29. Rxa5 Ba8 30. b3 e5 31. Rd6 e4 32. Nf1 Rf8 $2 (32... f5 33. Qf4 Rd8) 33. Qd4 f5 34. Re5 Qg5 35. Rd7 Rxd7 36. Qxd7 Qxh6 37. Re7 (37. Qxa7 f4 38. Qe7 Qg7 $18) 37... f4 (37... g5 $142 38. Ne3 (38. Qxa7 f4 $18) 38... Qg6) 38. Qe6+ $18 (38. Qxa7 e3 39. Qd7 (39. fxe3 f3 $17) 39... exf2+ 40. Kxf2 Qh4+ 41. Kg1 Qf6 $16) 38... Kh8 39. Qe5+ Kg8 40. Rxa7 $2 (40. Nh2 {[%cal Oh2g4] Threatening mate with Ng4!} f3 41. Qe6+ (41. Rxa7 e3 $18) 41... Kh8 42. Ng4 (42. Rxa7 e3 $18) 42... Qc1+ 43. Kh2) 40... e3 $18 41. Rxa8 (41. fxe3 f3 42. Nh2 f2+ 43. Kf1 g5 44. Rxa8 Rxa8 45. Qd5+ (45. Kxf2 Rxa2+ 46. Kg1 Qh4 $11) 45... Kg7 46. Qb7+ (46. Qxa8 Qxh2 47. Qb7+ Kf8 $18) (46. Kxf2 Rxa2+ 47. Kf1 Qf6+ 48. Nf3 g4 $11) 46... Kg6 47. Qxa8 Qxh2 48. Qe4+ (48. Kxf2 Qh4+ 49. Ke2 Qh5+ 50. Qf3 Qh1 $18) 48... Kg7 49. Kxf2 Qc7) 41... Rxa8 42. Qd5+ (42. fxe3 Rxa2 43. Qe6+ Kf8 $11) 42... Kg7 43. Qb7+ Kf6 44. Qxa8 e2 45. Qa6+ Kf7 46. Qb7+ (46. Qa7+ Kg8 47. Qb8+ Kf7 48. Qc7+ Ke6 49. Qc6+ Kf7) 46... Kf8 $2 (46... Kf6) 47. Qb4+ $18 (47. Qe4 Qh1+ 48. Kxh1 exf1=Q+ 49. Kh2 Qxf2 $16) 47... Kf7 48. Nh2 f3 49. Nxf3 (49. gxf3 $2 Qc1+ 50. Kg2 e1=Q $19 (50... e1=B $2 51. Qb7+ Kg8 52. Ng4 $18)) 49... Qc1+ 50. Qe1 Qd1 51. Kh2 h6 52. Qc3 Qf1 53. Qe3 g5 54. Ne5+ Kf8 55. Qc5+ Ke8 56. Qc6+ Ke7 57. Qd7+ (57. Qxh6 e1=Q (57... e1=B $2 58. Qxg5+ Ke6 59. f4 $18) 58. Qg7+ Ke6 $11) 57... Kf6 58. Ng4+ Kg6 59. Qe6+ Kg7 60. Qf6+ ({Worse is} 60. Nxh6 e1=Q 61. Nf5+ Kf8 62. Qh6+ Ke8 63. Qg6+ Kd8 64. Qd6+ Ke8 65. Qg6+ Kd7 66. Qf7+ Kc8 67. Nd6+ Kd8 68. Nb7+ Kc8 69. Nd6+ Kd8 70. Nb7+ Kc8 71. Nd6+ $11) 60... Kh7 61. Qf7+ ({Stronger than} 61. Nxh6 e1=Q (61... e1=B $2 {is the wrong capture.} 62. Nf5 $18) 62. Qf5+ Kxh6 $11) 61... Kh8 62. Nf6 1-0